[Event "Late-Titled-Tuesday-Blitz-January-23-2024"]
[Site "Chess.com"]
[Date "2024.01.23"]
[Round "4"]
[White "miraitrunks"]
[Black "wild3000"]
[Result "1/2-1/2"]
[WhiteElo "2094"]
[BlackElo "2450"]
[TimeControl "180+1"]
[EndTime "14:38:28 PST"]
[Termination "Game drawn by repetition"]

1. e4 e6 2. Nc3 a6 3. Nf3 b5 4. a3 Bb7 5. d4 d6 6. Bd3 Nf6 7. O-O Be7 8. Qe2 Nbd7 9. Bg5 c5 10.
e5 Nd5 11. Bxe7 Qxe7 12. Nxd5 Bxd5 13. exd6 Qxd6 14. dxc5 Nxc5 15. Rad1 Nxd3 16. Rxd3 O-O 17. Rfd1 Qc7 18. Rc3 Qb7 19. Rd4 Rac8 20. Rxc8 Rxc8 21.
Rf4 Bxf3 22. Rxf3 g6 23. h4 h5 24. Rg3 Qd5 25. c3 Rc4 26. Rd3 Re4 27. Re3 Rxh4 28.
Rd3 Re4 29. Qd2 Qe5 30. g3 Re1+ 31. Kg2 Qe4+ 32. Rf3 Rg1+ 33. Kxg1 Qxf3 34. Qd8+ Kg7 35. Qb6 Qd1+ 36. Kg2 Qd5+ 37. Kg1 g5 38. Qxa6 h4 39.
gxh4 gxh4 40. Qb6 Qg5+ 41. Kh2 Qf4+ 42. Kg2 Qg4+ 43. Kh2 e5 44. Qxb5 Qf4+ 45. Kg2 Qe4+ 46. Kh2 Qf4+ 47. Kg2 f6 48. Qd7+ Kg6 49. Qe8+ Kf5 50.
Qd7+ Kg6 51. Qe8+ Kg7 52. Qe7+ Kh6 53. Qf8+ Kg6 54. Qg8+ Kh6 55. Qh8+ Kg6 56. Qg8+ Kh6 57. Qh8+ Kg6 58. Qg8+ 1/2-1/2

[Event "Late-Titled-Tuesday-Blitz-January-23-2024"]
[Site "Chess.com"]
[Date "2024.01.23"]
[Round "4"]
[White "ozates"]
[Black "baag"]
[Result "1-0"]
[WhiteElo "2608"]
[BlackElo "2838"]
[TimeControl "180+1"]
[EndTime "14:38:30 PST"]
[Termination "ozates won on time"]

1. e4 c6 2. Nf3 d5 3. d3 g6 4. Nbd2 Bg7 5. g3 Nf6 6. Bg2 O-O 7. O-O a5 8. Re1 a4 9. a3 dxe4 10. dxe4 Na6 11. h3 Nc5 12. Qe2 b6 13. Rd1 Ba6 14. Qe1 Qc7 15. e5 Nfd7 16. Ne4 Nxe5 17. Nxc5 Nxf3+ 18. Bxf3 bxc5 19. Bf4 e5 20. Be3 Rfb8 21. Bxc5 Rxb2 22. Rd6 Bb5 23. Rad1 Rxc2 24. Rd7 Qxd7 25. Rxd7 Rxc5 26. Qe3 Rc2 27. Be4 Re2 28. Qf3 Rf8 29. Rd1 Ra2 30. Qc3 h5 31. h4 Re8 32. Rd7 Bf8 33. Qf3 Be7 34. Bxc6 Rxa3 35. Qd5 Ra1+ 36. Kg2 Bxc6 37. Qxc6 a3 38. Ra7 Kf8 39. Qd5 Re1 40. Qc4 Kg7 41. Qd5 Kf8 42. Qc4 Rd1 43. Qa4 Rd4 44. Qb3 Kg7 45. Qf3 Bf6 46. Qc6 Be7 47. Qxe8 1-0

[Event "Late-Titled-Tuesday-Blitz-January-23-2024"]
[Site "Chess.com"]
[Date "2024.01.23"]
[Round "4"]
[White "Lennis93"]
[Black "luizzy"]
[Result "0-1"]
[WhiteElo "2715"]
[BlackElo "2555"]
[TimeControl "180+1"]
[EndTime "14:38:30 PST"]
[Termination "luizzy won by checkmate"]

1. d4 d6 2. Nf3 Nf6 3. g3 g6 4. Bg2 Bg7 5. O-O O-O 6. Re1 Nc6 7. e4 e5 8. d5 Ne7 9. c4 Ne8 10. Nc3 f5 11. Ng5 Nf6 12. b4 a5 13. bxa5 Rxa5 14.
Qb3 fxe4 15. Ba3 Nf5 16. Bb4 Ra8 17. Ncxe4 Nd4 18. Qd3 Nxe4 19. Nxe4 Bg4 20. Kh1 Qd7 21. c5 Ra4 22. a3 Bf3 23. Ng5 e4 24. Rxe4 Bxe4 25.
Nxe4 Qb5 26. Qd1 Rfa8 27. Nc3 Qxb4 28. Nxa4 Qxa4 29. Qe1 Re8 30. Qb4 Qxb4 31. axb4 Nc2 32. Rb1 Re2 33. Kg1 Na3 34. Ra1 Bxa1 35. Bf1 Re1 36.
Kg2 dxc5 37. Ba6 Bd4 38. bxc5 Bxc5 39. d6 Bxd6 40. Bxb7 Bc5 41. Bd5+ Kg7 42. f4 Nb5 43. Kf3 Rg1 44. Kg4 Nd6 45. Kh4 h5 46. Kg5 Nf5 47. Be4 Be7# 0-1

[Event "Late-Titled-Tuesday-Blitz-January-23-2024"]
[Site "Chess.com"]
[Date "2024.01.23"]
[Round "4"]
[White "ukchessbomber"]
[Black "cthulhuuu"]
[Result "0-1"]
[WhiteElo "2684"]
[BlackElo "2465"]
[TimeControl "180+1"]
[EndTime "14:38:32 PST"]
[Termination "cthulhuuu won by checkmate"]

1. b4 d5 2. Bb2 Nf6 3. e3 e5 4. Bxe5 Bxb4 5. c3 Be7 6. Bxf6 Bxf6 7. d4 O-O 8. Nf3 Bg4 9. Be2 c6 10. O-O Nd7 11. Nbd2 Re8 12. Rb1 b6 13. c4 Bf5 14.
Rc1 Rc8 15. Qa4 dxc4 16. Qxa7 b5 17. Qa3 Nb6 18. Qb2 Na4 19. Qa1 c5 20. Bd1 Ra8 21. Bxa4 Rxa4 22. Qb2 Qa5 23. e4 Bxe4 24. Rfe1 Bc6 25.
Rxe8+ Bxe8 26. a3 Rxa3 27. Re1 Bd7 28. Ne4 Bxd4 29. Qe2 Ra1 30. h4 Rxe1+ 31. Nxe1 Be6 32. Ng5 Qb6 33. Qa2 Bf6 34. Ne4 Be7 35. h5 f5 36.
Ng3 b4 37. h6 gxh6 38. Nf3 b3 39.
Qb2 Bf7 40. Ne5 c3 41. Qxc3 b2 42. Nd7 b1=Q+ 43. Kh2 Q6b4 44. Qe5 Qh4# 0-1

[Event "Late-Titled-Tuesday-Blitz-January-23-2024"]
[Site "Chess.com"]
[Date "2024.01.23"]
[Round "4"]
[White "dropstoneDP"]
[Black "jk13"]
[Result "1-0"]
[WhiteElo "3041"]
[BlackElo "2651"]
[TimeControl "180+1"]
[EndTime "14:38:33 PST"]
[Termination "dropstoneDP won by resignation"]

1. e4 e5 2. Nf3 Nc6 3. Bb5 a6 4. Ba4 Nf6 5. O-O b5 6. Bb3 Bc5 7. a4 Rb8 8. c3 d6 9. d4 Bb6 10. a5 Ba7 11. h3 h6 12. Be3 Ra8 13. dxe5 dxe5 14. Qxd8+ Nxd8 15. Bxa7 Rxa7 16. Nxe5 c5 17. f3 c4 18. Bc2 Re7 19. Ng4 Nxg4 20. hxg4 g5 21. Na3 Nc6 22. Rfd1 Be6 23. Kf2 Rd7 24. Ke3 Rxd1 25. Bxd1 Ke7 26. Nc2 h5 27.
gxh5 Rxh5 28. Be2 Rh2 29. Kf2 Kd6 30. Nb4 Nxb4 31. cxb4 Ke5 32. Rd1 Rh8 33. Ke3 f5 34. exf5 Bxf5 35. g3 Rh3 36. Rd8 Rxg3 37. Re8+ Kd6 38.
Ra8 Ke5 39. Rxa6 g4 40. Ra8 gxf3 41. Re8+ Kd6 42. Bxf3 Bg4 43. Rf8 Bxf3 44. Rxf3 Rg2 45. Rf6+ Kc7 46. Kd4 Rxb2 47. Kc5 c3 48. Kxb5 c2 49.
Rc6+ Kb7 50. Rc3 Ra2 51. Rc4 Rb2 52. Ka4 Ka6 53. Ka3 Rb1 54. Rc6+ Kb5 55. Rc5+ Ka6 56. Rxc2 Kb5 57. Rc5+ Ka6 58. Re5 Rh1 59. Kb3 Rb1+ 60. Kc4 Rc1+ 61. Kd4 Rc2 62. Rc5 Rh2 63. Kc4 Rc2+ 64.
Kd5 Rb2 65. Rc6+ Kb5 66. Rb6+ Ka4 67. a6 1-0

[Event "Late-Titled-Tuesday-Blitz-January-23-2024"]
[Site "Chess.com"]
[Date "2024.01.23"]
[Round "4"]
[White "GiorgianBarbosa"]
[Black "Fh2411"]
[Result "1-0"]
[WhiteElo "2442"]
[BlackElo "2591"]
[TimeControl "180+1"]
[EndTime "14:38:33 PST"]
[Termination "GiorgianBarbosa won on time"]

1. c4 c6 2. g3 d5 3. Bg2 Nf6 4. Nf3 Bf5 5. O-O e6 6. b3 h6 7. Bb2 Be7 8. d3 O-O 9. Nbd2 Nbd7 10. Qc2 Bh7 11. a3 a5 12. Rad1 Qb6 13. e3 Rfd8 14. Qc3 Nc5 15. Ne5 Rac8 16. h4 Bf8 17. Kh2 Qa6 18. g4 Nfd7 19. Nxd7 Nxd7 20. g5 hxg5 21. hxg5 b5 22. Rh1 dxc4 23. bxc4 b4 24. axb4 axb4 25.
Qd4 f6 26. Qh4 fxg5 27. Qxg5 Bxd3 28. Ne4 Qxc4 29. Rxd3 Qxd3 30. Kg3 Qb5 31. Qh4 Qf5 32. Ng5 Bd6+ 33. f4 Bxf4+ 34. exf4 Qd3+ 35. Bf3 Kf8 36. Qh8+ Ke7 37. Qxg7+ Kd6 38. Rd1 Qxd1 39. Bxd1 Rg8 40. Qf7 Nc5 41. Be5+ Kd5 42. Bf3+ Kc4 43. Kf2 Rcf8 44.
Qc7 1-0

[Event "Late-Titled-Tuesday-Blitz-January-23-2024"]
[Site "Chess.com"]
[Date "2024.01.23"]
[Round "4"]
[White "Igor_Lysyj"]
[Black "BogdanDeac"]
[Result "0-1"]
[WhiteElo "2883"]
[BlackElo "3072"]
[TimeControl "180+1"]
[EndTime "14:38:34 PST"]
[Termination "BogdanDeac won on time"]

1. d4 Nf6 2. c4 e6 3. Nf3 d5 4. g3 dxc4 5. Bg2 Nc6 6. Qa4 Bd7 7. Qxc4 Na5 8. Qc3 Nd5 9. Qd3 c5 10. O-O Rc8 11. dxc5 Bxc5 12. Bd2 Nc4 13. Bc1 Qf6 14.
Ng5 Nxb2 15. Bxb2 Qxb2 16. Nd2 Qd4 17. Qf3 Qf6 18. Qh5 Qg6 19. Qxg6 hxg6 20. Rfc1 Ke7 21.
Rab1 b6 22. Nb3 Ba3 23. Rxc8 Rxc8 24. Bxd5 exd5 25. Nd4 Rc1+ 26. Rxc1 Bxc1 27. Ngf3 Kd6 28. Kf1 Bb2 29. e3 Ba3 30. Ke2 Bc5 31. Kd2 b5 32. Ng5 f6 33. Ngf3 a5 34. Ne1 b4 35. Nd3 Bb6 36. Nf4 Be8 37. Nd3 Bxd4 38. exd4 Kc6 39. h4 Kb5 40. Nf4 Bf7 41. Kd3 a4 42. g4 g5 43.
hxg5 fxg5 44. Nh3 Bg6+ 45. Kd2 Kc4 46. Nxg5 b3 47. axb3+ axb3 0-1

[Event "Late-Titled-Tuesday-Blitz-January-23-2024"]
[Site "Chess.com"]
[Date "2024.01.23"]
[Round "4"]
[White "Chemim21"]
[Black "Zq1"]
[Result "0-1"]
[WhiteElo "2237"]
[BlackElo "2470"]
[TimeControl "180+1"]
[EndTime "14:38:34 PST"]
[Termination "Zq1 won on time"]

1. e4 c5 2. Nf3 d6 3. d4 cxd4 4.
Nxd4 Nf6 5. Nc3 Nc6 6. Bg5 g6 7. Bxf6 exf6 8. Bb5 Bd7 9. O-O Be7 10. Qd2 O-O 11. Bxc6 bxc6 12. Rad1 Rb8 13. b3 Re8 14. Nde2 f5 15. Ng3 fxe4 16. Ncxe4 d5 17. c4 Bg4 18. f3 dxe4 19. fxg4 Qb6+ 20. Kh1 Rbd8 21.
Qe2 Rxd1 22. Rxd1 e3 23. Qf3 Bg5 24. Ne2 Qc7 25. g3 Bh6 26. Kg2 Rd8 27. Rxd8+ Qxd8 28. Qxc6 Qd2 29. Qf3 Qxa2 30. h4 Qd2 31. g5 Bf8 32.
Kh3 Qd7+ 33. g4 Bc5 34. Nf4 Bd4 35. Qd5 Qxd5 36. cxd5 Be5 37. Ne2 Kf8 38. Kg2 Ke7 39. Kf3 Kd6 40. Kxe3 Kxd5 41. Kd3 a5 42. Ng1 Bg3 43.
Nf3 Kc5 44. h5 Kb4 45. hxg6 hxg6 46. Kc2 Bf4 47. Nd4 Kc5 48. Nc6 Kxc6 49. Kd3 Kd5 50. Ke2 Kc5 0-1

[Event "Late-Titled-Tuesday-Blitz-January-23-2024"]
[Site "Chess.com"]
[Date "2024.01.23"]
[Round "4"]
[White "ahkashefi2800"]
[Black "sofaceindisguise"]
[Result "0-1"]
[WhiteElo "2549"]
[BlackElo "2766"]
[TimeControl "180+1"]
[EndTime "14:38:35 PST"]
[Termination "sofaceindisguise won by resignation"]

1. Nf3 d5 2. g3 Nf6 3. Bg2 e6 4.
O-O Be7 5. b3 a5 6. Bb2 O-O 7.
c4 c5 8. d3 Nc6 9. Nbd2 Re8 10. e4 d4 11. Qe2 e5 12. a4 Bf8 13. Rae1 Nb4 14. Nb1 Ra6 15. Na3 g6 16. Bc1 Bg7 17. Bd2 h6 18. Bxb4 cxb4 19. Nb5 Nd7 20. Nd2 Nc5 21. f4 exf4 22. gxf4 f5 23. e5 Kh7 24.
Rf3 Bf8 25. Rg3 Re7 26. Qf2 Rg7 27. Qxd4 Qxd4+ 28. Nxd4 g5 29. fxg5 f4 30. gxh6 fxg3 31. hxg7 gxh2+ 32. Kxh2 Bxg7 33. e6 Bxd4 34. e7 Rh6+ 35. Kg3 Rg6+ 36. Kf3 Bg4+ 37. Kf4 Nxd3+ 38. Ke4 Nxe1 39. e8=Q Re6+ 40. Qxe6 Bxe6 41. Kxd4 Nxg2 42. Kc5 Ne3 43. Kb6 Kg6 44. Kxa5 Nc2 45. Kb6 Kf5 46. a5 Ke5 47. Kxb7 Kd4 48. a6 Bh3 49. Kb6 Bg2 50.
c5 Ne3 51. c6 Nd5+ 52. Kb5 Nc7+ 53. Kb6 Nd5+ 54. Kb5 Kc3 55. a7 Kxd2 56. a8=Q Nc7+ 57. Kb6 Nxa8+ 58. Kb7 Kc3 59. Ka7 Kxb3 60. Ka6 Kc4 61. c7 Nxc7+ 62. Ka5 b3 63. Ka4 b2 64. Ka5 b1=Q 0-1

[Event "Late-Titled-Tuesday-Blitz-January-23-2024"]
[Site "Chess.com"]
[Date "2024.01.23"]
[Round "4"]
[White "Arifarsky"]
[Black "szachmistrz2500"]
[Result "1/2-1/2"]
[WhiteElo "2703"]
[BlackElo "2507"]
[TimeControl "180+1"]
[EndTime "14:38:35 PST"]
[Termination "Game drawn by repetition"]

1. e4 c5 2. Nf3 d6 3. c3 Nf6 4.
Bd3 Bg4 5. Bc2 e6 6. d4 cxd4 7. cxd4 Be7 8. O-O Nc6 9. Be3 O-O 10. Nc3 a6 11. Rc1 Rc8 12. h3 Bh5 13. Re1 Na5 14. Bd3 Nc4 15. Qe2 b5 16. g4 Bg6 17.
Red1 Nxe3 18. Qxe3 Qb6 19. a3 Rc7 20. Ne2 Rfc8 21.
Rxc7 Rxc7 22. Nf4 Nd7 23. Nxg6 hxg6 24. Rc1 Rc6 25. Qd2 Qc7 26. Rxc6 Qxc6 27. Qc2 Qb7 28.
h4 Nb6 29. h5 gxh5 30. gxh5 Qc8 31. Qxc8+ Nxc8 32. a4 bxa4 33. Bxa6 Nb6 34. Bb5 Kh7 35.
Be8 f5 36. exf5 exf5 37. Kf1 Kh6 38. Ke2 Nc4 39. Bxa4 Nxb2 40. Bb5 Kxh5 41. d5 Bf6 42. Ne1 g5 43. Bd7 f4 44. f3 Kh4 45. Bb5 Kg3 46. Bd7 Be5 47. Bg4 Nc4 48. Nd3 Bd4 49. Bh5 Ne3 50.
Nf2 Kh4 51. Bf7 Be5 52. Be6 Nc4 53. Ne4 Ne3 54. Nf2 Kg3 55. Ne4+ Kh4 56. Nf2 1/2-1/2

[Event "Late-Titled-Tuesday-Blitz-January-23-2024"]
[Site "Chess.com"]
[Date "2024.01.23"]
[Round "4"]
[White "azikom"]
[Black "esrosenberg"]
[Result "1-0"]
[WhiteElo "2682"]
[BlackElo "2369"]
[TimeControl "180+1"]
[EndTime "14:38:35 PST"]
[Termination "azikom won on time"]

1. d4 g6 2. e4 Bg7 3. Nc3 d5 4. exd5 Nf6 5. Bb5+ Nbd7 6. Qf3 O-O 7. Nge2 Nb6 8. Nf4 Bf5 9. O-O Bxc2 10. Re1 Bf5 11.
h3 h5 12. Bd2 a6 13. Bf1 Qd6 14. Rac1 Rad8 15. a4 Nbxd5 16. Ncxd5 Nxd5 17. Nxh5 Bxd4 18. Bh6 Rfe8 19. Rcd1 Bxb2 20. Ng3 Be6 21. Ne4 Qa3 22. Rd3 Qxa4 23. Ng5 Bf6 24. Nxe6 fxe6 25. Rxe6 c6 26. Re4 Qa1 27. Rg4 Kh7 28. Qe4 Rg8 29. Bd2 Qe5 30. Qf3 Rdf8 31. Qd1 Kg7 32. Rdg3 Kf7 33. Rf3 Ke8 34.
Qb1 b5 35. Rxg6 Rxg6 36. Qxg6+ Kd7 37. Qg4+ Qe6 38. Qh5 Rh8 39. Qg6 Rg8 40. Qc2 Kc7 41. g3 Kb7 42. Bg2 Rd8 43. Ra3 Bd4 44. Rf3 Rg8 45.
h4 Qe5 46. Kh2 1-0

[Event "Late-Titled-Tuesday-Blitz-January-23-2024"]
[Site "Chess.com"]
[Date "2024.01.23"]
[Round "4"]
[White "Nor1lsk"]
[Black "KacperPolOK"]
[Result "1-0"]
[WhiteElo "2706"]
[BlackElo "2476"]
[TimeControl "180+1"]
[EndTime "14:38:37 PST"]
[Termination "Nor1lsk won on time"]

1. e4 c5 2. d3 Nc6 3. g3 g6 4. Bg2 Bg7 5. f4 e6 6. Nf3 Nge7 7. O-O d5 8. c3 O-O 9. Na3 Rb8 10. e5 b5 11. Nc2 a5 12. Be3 d4 13. cxd4 Nf5 14.
dxc5 Bb7 15. Bf2 h5 16. h3 Qd7 17. g4 hxg4 18. hxg4 Nh6 19. Ng5 Rbd8 20. d4 f6 21. Ne4 fxe5 22. fxe5 Ne7 23. Nd6 Bxg2 24. Kxg2 Nd5 25. Bh4 Qc6 26. Kg3 Rb8 27. Qe2 b4 28. Rxf8+ Rxf8 29. Rf1 Rxf1 30. Qxf1 b3 31. axb3 a4 32.
b4 a3 33. bxa3 Qa4 34. Qd3 Kh7 35. b5 Bxe5+ 36. Kf3 Bxd6 37. cxd6 Qa8 38. Qe4 Qf8+ 39. Kg2 Qxd6 40. a4 Nf4+ 41. Kf3 Nh3 42. Qe5 Qf8+ 43.
Kg3 Ng1 44. Qe3 Qa8 45. Qxg1 Qe4 46. Qd1 Qd5 47. Qf3 Qc4 48. Ne3 Qd3 49. b6 Qxd4 50. b7 Qd6+ 51. Qf4 e5 52. Qe4 Qc7 53. Qd5 e4+ 54.
Kh3 1-0

[Event "Late-Titled-Tuesday-Blitz-January-23-2024"]
[Site "Chess.com"]
[Date "2024.01.23"]
[Round "4"]
[White "Elsa167"]
[Black "Vladimir_2020"]
[Result "1-0"]
[WhiteElo "2947"]
[BlackElo "2731"]
[TimeControl "180+1"]
[EndTime "14:38:38 PST"]
[Termination "Elsa167 won by resignation"]

1. d4 d5 2. c4 c6 3. cxd5 cxd5 4. Bf4 Nc6 5. e3 Nf6 6. Nc3 e6 7. Bd3 Be7 8. Rc1 O-O 9. h3 Bd6 10. Bxd6 Qxd6 11. f4 Bd7 12. Nf3 Rfc8 13. O-O Be8 14. Ne5 Nd7 15. Qe2 f6 16. Nb5 Qe7 17. Nxc6 bxc6 18. Nc3 Bg6 19. e4 Qb4 20. Qf2 c5 21. a3 Qxd4 22. f5 Qxf2+ 23. Rxf2 Ne5 24. Ba6 Be8 25. Bxc8 Rxc8 26. fxe6 Nd3 27. Nxd5 Kf8 28. Rc3 Nxf2 29. Kxf2 Rc6 30. e7+ Kf7 31. Ke3 a5 32. Rb3 Re6 33. g4 Bc6 34. Kd3 Bxd5 35. exd5 Rxe7 36.
Rb5 Re1 37. Rxc5 Rh1 38. Rxa5 Rxh3+ 39. Kd4 g5 40. Ra7+ Ke8 41. a4 h5 42. gxh5 g4 43.
Rg7 f5 44. Ke5 Kf8 45. Rg5 Rf3 46. h6 Ke7 47. d6+ Kd7 48. h7 Rh3 49. Rg7+ Kc6 50.
d7 Kc7 51. Rg8 1-0

[Event "Late-Titled-Tuesday-Blitz-January-23-2024"]
[Site "Chess.com"]
[Date "2024.01.23"]
[Round "4"]
[White "Flameboard08"]
[Black "GMKrikor"]
[Result "1-0"]
[WhiteElo "2572"]
[BlackElo "2776"]
[TimeControl "180+1"]
[EndTime "14:38:38 PST"]
[Termination "Flameboard08 won on time"]

1. f4 d5 2. Nf3 g6 3. g3 Bg7 4.
Bg2 Nh6 5. d3 Nc6 6. O-O d4 7.
Nbd2 Nf5 8. Nb3 O-O 9. Bd2 a5 10.
a4 Qd6 11. c3 e5 12. g4 Ne3 13. Bxe3 dxe3 14. fxe5 Nxe5 15. Nxe5 Bxe5 16. h3 c6 17. Rf3 f5 18. gxf5 Bxf5 19. Rxe3 Rae8 20. Rf3 b6 21. e4 Bd7 22. d4 Bh2+ 23. Kh1 Rxf3 24. Qxf3 Rf8 25. Qe2 Bf4 26. e5 Qe7 27. Nd2 Qh4 28. Nf3 Qg3 29. Qe1 Qxe1+ 30. Rxe1 Be6 31. Ng1 Rc8 32. Ne2 Bg5 33. Ng3 Bh4 34. Kh2 Bb3 35. Rf1 Bxa4 36. Ne4 Be7 37. Nd2 Rd8 38. Be4 b5 39. b3 c5 40. bxa4 cxd4 41. cxd4 Rxd4 42. Rf2 Bb4 43. Nf3 Rxe4 44. axb5 Bc5 45. Rc2 Bb6 46. Rc6 Re3 47. Kg3 1-0

[Event "Late-Titled-Tuesday-Blitz-January-23-2024"]
[Site "Chess.com"]
[Date "2024.01.23"]
[Round "4"]
[White "Rdeux42"]
[Black "stregachess"]
[Result "0-1"]
[WhiteElo "2443"]
[BlackElo "2109"]
[TimeControl "180+1"]
[EndTime "14:38:39 PST"]
[Termination "stregachess won on time"]

1. d4 Nf6 2. Nf3 d5 3. e3 e6 4. Bd3 c6 5. O-O Nbd7 6. Nbd2 Be7 7. e4 dxe4 8. Nxe4 Nxe4 9. Bxe4 Nf6 10. Bd3 h6 11. c4 c5 12. dxc5 Bxc5 13. Qe2 O-O 14. a3 a5 15. b3 Qb6 16. Qc2 Bd7 17. Bb2 Be7 18. Ne5 Bc6 19. Nxc6 Qxc6 20. Rad1 Rfd8 21. Be2 Qc7 22. Bf3 Rxd1 23. Rxd1 Rd8 24. g3 Rd7 25. Rd3 Qd8 26. Rxd7 Qxd7 27. Kg2 Qc7 28. Qd3 b6 29. Qc3 Qc5 30. Qd4 Qc7 31. Qd3 Qc5 32.
h4 Qc7 33. Qe3 Kh7 34. Be5 Qd8 35. Bb2 Qc7 36. Qc3 Qd8 37. g4 Ne8 38. Be4+ Kg8 39. h5 Bf6 40. Qc2 Bxb2 41. Qxb2 Nf6 42. Bf3 Qd7 43. b4 axb4 44. axb4 Qc7 45. Qc1 Kf8 46. c5 bxc5 47. bxc5 Ke7 48. Qa3 Kd8 49. Qa8+ Ke7 50. Qa3 Kd8 51. c6 Ne8 52. Qa8+ Ke7 53. Qa3+ Kd8 54.
Qc3 Ke7 55. Qc5+ Kd8 56. Qb5 Ke7 0-1

[Event "Late-Titled-Tuesday-Blitz-January-23-2024"]
[Site "Chess.com"]
[Date "2024.01.23"]
[Round "4"]
[White "Firouzja2003"]
[Black "BilodeauA"]
[Result "1/2-1/2"]
[WhiteElo "3143"]
[BlackElo "2952"]
[TimeControl "180+1"]
[EndTime "14:38:40 PST"]
[Termination "Game drawn by repetition"]

1. d4 d5 2. Bg5 Nf6 3. e3 c5 4. Bxf6 gxf6 5. dxc5 e6 6. Nf3 Bxc5 7. Be2 Nc6 8. O-O O-O 9. Nbd2 Be7 10. a3 f5 11. c4 d4 12. exd4 Nxd4 13. Nb3 Nxe2+ 14.
Qxe2 Bf6 15. Rad1 Qc7 16. Nbd4 Bd7 17. Rfe1 Rfd8 18. b4 a5 19. c5 axb4 20. axb4 Ra4 21. Nb5 Bxb5 22. Qxb5 Raa8 23. h3 Qc6 24. Qc4 b6 25.
Rc1 bxc5 26. Qxc5 Qxc5 27. bxc5 Rac8 28. g4 fxg4 29. hxg4 Rd5 30. c6 Rd6 31. Ne5 Bxe5 32. Rxe5 Rdxc6 33. Rxc6 Rxc6 34. Kg2 Kg7 35. f3 f6 36. Ra5 e5 37. f4 Rc2+ 38. Kf3 Rc3+ 39. Kf2 exf4 40. Rf5 f3 41. Ra5 Kg6 42. Rb5 Ra3 43.
Rc5 Kf7 44. Rb5 Ke6 45. Rc5 Rd3 46. Rh5 Ra3 47. Rb5 Kf7 48. Rc5 Kg6 49. Rb5 Rd3 50.
Rc5 Ra3 51. Rb5 Rc3 52. Ra5 Rc8 53. Kxf3 Rc4 54. Rb5 Rc3+ 55. Kf4 Rc4+ 56. Kf3 Rc3+ 57. Kf4 Rc4+ 58. Kf3 1/2-1/2

[Event "Late-Titled-Tuesday-Blitz-January-23-2024"]
[Site "Chess.com"]
[Date "2024.01.23"]
[Round "4"]
[White "Defenstrator"]
[Black "jcmesafischer"]
[Result "0-1"]
[WhiteElo "2496"]
[BlackElo "2357"]
[TimeControl "180+1"]
[EndTime "14:38:40 PST"]
[Termination "jcmesafischer won by resignation"]

1. e4 c5 2. Ne2 d6 3. d4 cxd4 4. Nxd4 Nf6 5. Nc3 a6 6. Be3 e5 7. Nb3 Be7 8. f3 Be6 9. Qd2 h5 10. Be2 Nbd7 11. O-O Rc8 12. Nd5 Bxd5 13. exd5 Nb6 14.
Bg5 Nbxd5 15. Rad1 O-O 16. c4 Nb6 17. Na5 Qc7 18.
Bxf6 Bxf6 19. Qxd6 Na4 20. Qxc7 Rxc7 21. b3 Nc3 22. Rd2 Nxe2+ 23. Rxe2 b6 24. Rd1 bxa5 25. Rd6 a4 26. Rxa6 axb3 27. axb3 Rb8 28. Re3 Rcb7 29.
Ra3 Be7 30. Ra5 f6 31. f4 Bd8 32. Rd5 Bb6 33. c5 Bc7 34. fxe5 Bxe5 35. c6 Rxb3 36. Rxb3 Rxb3 37. c7 Bxc7 38. Rxh5 Rb2 39. Kf1 Bb6 40. Rf5 Kf7 41. h4 Bd4 42. h5 Rc2 43. Rf4 Be5 44.
Rf3 Rc8 45. g4 Rc4 46. g5 Rf4 47. gxf6 Rxf3+ 48. Kg2 gxf6 49. Kxf3 Kg7 50. Kg4 Kh6 0-1

[Event "Late-Titled-Tuesday-Blitz-January-23-2024"]
[Site "Chess.com"]
[Date "2024.01.23"]
[Round "4"]
[White "js20000"]
[Black "GHANDEEVAM2003"]
[Result "1/2-1/2"]
[WhiteElo "2871"]
[BlackElo "3055"]
[TimeControl "180+1"]
[EndTime "14:38:43 PST"]
[Termination "Game drawn by repetition"]

1. d4 e6 2. e4 b6 3. Nf3 Bb7 4.
Bd3 Nf6 5. Qe2 d5 6. e5 Ne4 7.
Nbd2 Nxd2 8. Bxd2 c5 9. c3 Qc8 10. Bb5+ Bc6 11. Bd3 Bb7 12. Bb5+ Nc6 13. O-O a6 14.
Bd3 Be7 15. h4 b5 16. h5 h6 17. dxc5 Bxc5 18. b4 Be7 19. a4 bxa4 20. Rxa4 a5 21.
b5 Nb8 22. Rfa1 Bd8 23. Rg4 Kf8 24. c4 Nd7 25. cxd5 Bxd5 26. Rc1 Qb8 27. Be4 Qb7 28. Bxd5 Qxd5 29. Rd4 Qb7 30. Qd3 Ke8 31. Rg4 Kf8 32.
Rd4 Ke8 33. Rg4 Bc7 34. Bf4 Rd8 35. Qc4 Bb6 36. Rxg7 Nc5 37. Be3 Rd5 38. Bxc5 Rxc5 39.
Qf4 Rxc1+ 40. Qxc1 a4 41. Rg4 Qa8 42. Qc2 a3 43.
Ra4 Qd5 44. Qc8+ Ke7 45. Qxh8 Qd1+ 46. Kh2 Qxa4 47. Qf6+ Ke8 48. Qh8+ Kd7 49. Qf8 a2 50. Qxf7+ Kd8 51. Qf8+ Kc7 52. Qd6+ Kb7 53. Qc6+ Ka7 54. Qd7+ Kb8 55. Qe8+ Kb7 56. Qc6+ Ka7 57. Qd7+ Kb8 58. Qe8+ Kc7 59. Qc6+ Kb8 60. Qxb6+ Ka8 61. Qc6+ Kb8 62. Qe8+ Kb7 63. Qc6+ Kb8 64. Qd6+ Kb7 65. Qc6+ Kb8 1/2-1/2

[Event "Late-Titled-Tuesday-Blitz-January-23-2024"]
[Site "Chess.com"]
[Date "2024.01.23"]
[Round "4"]
[White "Perecke"]
[Black "NikolaGry"]
[Result "0-1"]
[WhiteElo "2543"]
[BlackElo "2752"]
[TimeControl "180+1"]
[EndTime "14:38:44 PST"]
[Termination "NikolaGry won on time"]

1. e4 d5 2. exd5 Nf6 3. d4 Bg4 4. Bb5+ Nbd7 5. f3 Bf5 6. c4 a6 7. Ba4 b5 8. cxb5 axb5 9. Bxb5 Nxd5 10. Nc3 Nb4 11. Ne4 c6 12. Bc4 e6 13. Ne2 Bxe4 14. fxe4 Qh4+ 15. Ng3 Bd6 16. O-O Bxg3 17. hxg3 Qxe4 18.
Bf4 Nd5 19. Bd6 Qe3+ 20. Rf2 N7f6 21. Qc1 Ng4 22. Qxe3 Ndxe3 23. Bb3 Nxf2 24. Kxf2 Nf5 25. Bc5 Kd7 26. g4 Nd6 27. Ke3 h6 28. Rf1 f6 29.
Kd3 Rhe8 30. Kc3 e5 31. d5 Ne4+ 32. Kb4 Reb8+ 33. Kc4 cxd5+ 34. Kxd5 Nxc5 35. Kxc5 Ra5+ 36. Kc4 Rc8+ 37. Kb4 Raa8 38. a4 Rab8+ 39. Ka3 Ke7 40. Rf3 g6 41. Ba2 Rc5 42. b4 Rc7 43. a5 e4 44. Re3 f5 45. gxf5 gxf5 46. Ka4 Rbc8 47. b5 Rc3 48. Rxc3 Rxc3 49. a6 Kd8 50. a7 Rc8 51. b6 e3 0-1

[Event "Late-Titled-Tuesday-Blitz-January-23-2024"]
[Site "Chess.com"]
[Date "2024.01.23"]
[Round "4"]
[White "vladislavkovalev"]
[Black "mishanick"]
[Result "0-1"]
[WhiteElo "2871"]
[BlackElo "3069"]
[TimeControl "180+1"]
[EndTime "14:38:45 PST"]
[Termination "mishanick won by resignation"]

1. e4 c5 2. Nf3 e6 3. c3 d5 4. exd5 Qxd5 5. d4 Nf6 6. Na3 Nc6 7. Nb5 Qd8 8. dxc5 Bxc5 9. Qxd8+ Kxd8 10. b4 Bb6 11. Nd6 Ke7 12. Nc4 Ne4 13. Nxb6 axb6 14. Bb2 Rd8 15. a3 f6 16. Be2 e5 17. O-O Be6 18.
Rfe1 Nd2 19. Nxd2 Rxd2 20. Bc1 Rc2 21. Be3 Rxc3 22. Bxb6 Kf7 23. f4 exf4 24. Bh5+ g6 25. Bf3 Raxa3 26. Rxa3 Rxa3 27. b5 Ne5 28. Bxb7 Rb3 29.
Ba6 Bc4 30. Bc7 Bxb5 31. Bb7 Bc4 32. Ba8 Nd3 33. Rd1 g5 34. Be4 h6 35. h3 Rc3 36.
Ra1 Ke6 37. Bf3 Ne5 38. Bb7 Bd5 39. Ba5 Rc2 40. Bxd5+ Kxd5 41. Rd1+ Ke6 42. Bc7 f3 43. Bxe5 Rxg2+ 44. Kh1 fxe5 45. h4 Rg4 46. hxg5 hxg5 47. Kh2 e4 48. Kh3 Rf4 49. Kg3 f2 50. Kg2 e3 51.
Kf1 g4 52. Ra1 g3 53. Ra6+ Kf5 54. Ra5+ Kg4 55. Ra1 Kf3 0-1

[Event "Late-Titled-Tuesday-Blitz-January-23-2024"]
[Site "Chess.com"]
[Date "2024.01.23"]
[Round "4"]
[White "Oleksandr_Bortnyk"]
[Black "Dedic8"]
[Result "1/2-1/2"]
[WhiteElo "3064"]
[BlackElo "2805"]
[TimeControl "180+1"]
[EndTime "14:38:45 PST"]
[Termination "Game drawn by repetition"]

1. e4 e5 2. Nf3 Nc6 3. Bc4 Nf6 4. Ng5 d5 5. exd5 Na5 6. Bb5+ c6 7. dxc6 bxc6 8. Bd3 Nd5 9. h4 h6 10. Qh5 Qf6 11. g3 g6 12. Qf3 Qe7 13. Nh3 f5 14.
Qg2 Nb4 15. O-O e4 16. Re1 Be6 17. Nf4 Bf7 18. Bxe4 Kd8 19. Na3 g5 20. c3 gxf4 21. cxb4 fxe4 22. Rxe4 Qd7 23. bxa5 fxg3 24. fxg3 Bd5 25.
Kh2 Bd6 26. Nc4 Bxe4 27. Qxe4 Rg8 28. Nxd6 Qxd6 29. Qf3 Rf8 30. Qe3 Re8 31. Qf3 Rf8 32. Qg2 Qd3 33. b3 Re8 34. Qxc6 Re2+ 35. Kh1 Rc8 36. Qf6+ Ke8 37. Qh8+ Kd7 38. Qg7+ Kc6 39. Qc3+ Qxc3 40. dxc3 Rd8 41. Bxh6 Rd3 42. Bf4 Rxc3 43. h5 Rc5 44. h6 Rh5+ 45. Kg1 Rhh2 46. Rc1+ Kd5 47. Rd1+ Ke4 48. Rc1 Kf3 49. Rc3+ Kg4 50.
Re3 Reg2+ 51. Kf1 Rxa2 52. Kg1 Rag2+ 53. Kf1 Rb2 54. Kg1 Rbg2+ 55. Kf1 Ra2 56. Kg1 Rag2+ 1/2-1/2